 Dungeon Crawl Stone Soup version 0.28.0 (console) character file.

Game seed: 1128926585586453440

229 stenno the Skirmisher (level 5, -2/50 HPs)
             Began as a Minotaur Berserker on Feb 9, 2022.
             Was a Believer of Trog.
             Frozen to death by an endoplasm (4 damage)
             ... on level 4 of the Dungeon.
             The game lasted 00:06:58 (2501 turns).

stenno the Skirmisher (Minotaur Berserker)          Turns: 2501, Time: 00:07:00

Health: -2/50      AC: 10    Str: 22    XL:     5   Next: 71%
Magic:  5/5        EV:  9    Int:  4    God:    Trog [**....]
Gold:   27         SH:  0    Dex: 11    Spells: 4/4 levels left

rFire   . . .      SeeInvis .   m - +1 mace (holy)
rCold   . . .      Faith    .   (no shield)
rNeg    . . .      Spirit   .   k - +0 chain mail
rPois   .          Reflect  .   (helmet restricted)
rElec   .          Harm     .   (no cloak)
rCorr   .          Rampage  .   (no gloves)
Will    +....                   e - +0 pair of boots
Stlth   ..........              (no amulet)
HPRegen 0.16/turn               c - ring of willpower
MPRegen 0.09/turn               (no ring)

@: no status effects
A: horns 2, retaliatory headbutt
a: Renounce Religion, Berserk, Trog's Hand


You were on level 4 of the Dungeon.
You worshipped Trog.
Trog was pleased with you.
You visited 1 branch of the dungeon, and saw 4 of its levels.

You collected 163 gold pieces.
You spent 136 gold pieces at shops.

Inventory:

Hand Weapons
 a - a +0 hand axe
 g - a +0 whip of venom
 l - a +0 short sword of draining
 m - a +1 mace of holy wrath (weapon)
Armour
 b - a +0 animal skin
 e - a +0 pair of boots (worn)
 k - a +0 chain mail (worn)
 q - a +0 scale mail
Jewellery
 c - a ring of willpower (left hand)
Scrolls
 d - a scroll of enchant weapon {unknown}
 j - a scroll of magic mapping {unknown}
 o - a scroll of enchant armour {unknown}
 r - 2 scrolls of identify
 s - a scroll of blinking {unknown}
Potions
 f - a potion of mutation {unknown}
 h - a potion of curing
 i - a potion of invisibility {unknown}
 n - a potion of might {unknown}
 p - 3 potions of heal wounds


   Skills:
 + Level 5.7 Fighting
 + Level 2.5(3.0) Short Blades
 + Level 2.5(3.1) Long Blades
 + Level 5.5(6.1) Axes
 + Level 2.9(4.9) Maces & Flails
 + Level 2.3(4.6) Polearms
 + Level 2.3(3.5) Staves
 + Level 2.5(3.0) Slings
 + Level 2.1 Bows
 + Level 2.1 Crossbows
 + Level 1.9(2.5) Throwing
 + Level 4.2 Armour
 + Level 3.7 Dodging
 + Level 2.3 Stealth
 + Level 2.3 Shields
 + Level 2.1 Unarmed Combat
 + Level 1.9 Invocations
 + Level 1.9 Evocations


You had 4 spell levels left.
You didn't know any spells.
Your spell library was empty.

Dungeon Overview and Level Annotations

Branches:
Dungeon (4/15)
 Temple: D:4-7

Altars:
Makhleb
Vehumet

Shops:
D:2 ?   D:3 *


Innate Abilities, Weirdness & Mutations

You have a pair of horns on your head.
You reflexively headbutt those who attack you in melee.


Message History

The puff of frost hits you! The endoplasm closely misses you.
You barely miss Blork the orc.
Blork the orc is heavily wounded.
Blork the orc hits you with a +0 scimitar.
The endoplasm hits you but does no damage.
Blork the orc hits you with a +0 scimitar!
* * * LOW HITPOINT WARNING * * *
Unknown command.
The endoplasm hits you but does no damage.
Blork the orc misses you. You furiously retaliate!
You headbutt Blork the orc!
Unknown command.
You feel better.
Blork the orc hits you with a +0 scimitar.
The endoplasm freezes you.
You are frozen.
You hit Blork the orc but do no damage.
Blork the orc is severely wounded.
Blork the orc barely misses you. The endoplasm freezes you.
You are frozen.
Blork the orc hits you with a +0 scimitar.
* * * LOW HITPOINT WARNING * * *
You hit Blork the orc. You headbutt Blork the orc.
Blork the orc is almost dead.
Blork the orc gestures at you while chanting.
The magic dart hits you!
* * * LOW HITPOINT WARNING * * *
The endoplasm hits you but does no damage.
Blork the orc casts a spell at you. The puff of frost hits you.
* * * LOW HITPOINT WARNING * * *
Unknown command.
You sock Blork the orc!
You kill Blork the orc!
Trog accepts your kill.
Trog appreciates your killing of a magic user.
The endoplasm hits you but does no damage.
The endoplasm freezes you.
You are frozen.
You die...

#...##....#<..#
#...##..###..## #
#...##..###..# #.
##..##.......# #..
######.####.......#
#..##....#....+.......#
#.............#.......#
............##.Z####+#
..##..J@######.. #..).#
#. ##'### .. #....#
#....... #.........
.......... ..........#
##....##.?#


You could see an endoplasm.

Vanquished Creatures
  Blork the orc (D:4)
  A centaur skeleton (D:4)
  2 iguanas (D:4)
  4 adders
  A howler monkey skeleton (D:4)
  7 endoplasms
  2 giant cockroaches
  2 goblins
  6 hobgoblins
  A jackal (D:3)
  5 ball pythons
  8 bats
  4 frilled lizards
  7 kobolds
  8 rats
59 creatures vanquished.

Notes
Turn   | Place    | Note
-------+----------+-------------------------------------------
     0 | D:1      | stenno the Minotaur Berserker began the quest for the Orb.
     0 | D:1      | Reached XP level 1. HP: 19/19 MP: 0/0
   109 | D:1      | Reached XP level 2. HP: 21/27 MP: 1/1
   405 | D:1      | Found a faded altar of an unknown god.
   408 | D:1      | You fall into a shaft and drop 1 floor!
   418 | D:2      | Reached XP level 3. HP: 29/33 MP: 2/2
   427 | D:2      | Reached ** piety under Trog
   769 | D:2      | Found Higry's Magic Scroll Emporium.
   785 | D:2      | Bought a scroll of identify for 26 gold pieces
   786 | D:2      | Reached skill level 5 in Fighting
   786 | D:2      | Reached skill level 5 in Axes
   786 | D:2      | Reached skill level 1 in Throwing
   786 | D:2      | Reached skill level 1 in Invocations
   786 | D:2      | Reached skill level 1 in Evocations
   786 | D:2      | Reached XP level 4. HP: 42/42 MP: 2/4
  1328 | D:3      | Found a radiant altar of Vehumet.
  1687 | D:3      | Found Nituc's General Store.
  1885 | D:3      | Bought 2 potions of heal wounds for 110 gold pieces
  1956 | D:3      | Reached XP level 5. HP: 44/50 MP: 5/5
  2234 | D:3      | Found a burning altar of Makhleb.
  2488 | D:4      | Noticed Blork the orc
  2500 | D:4      | HP: 2/50 [Blork the orc/puff of frost (6)]
  2501 | D:4      | Killed Blork the orc
  2501 | D:4      | Frozen to death by an endoplasm

Illustrated notes

Levels and vault maps discovered:
D:1:      saegor_arrival_under_anarchy, layout_loops_ring,
          shapermc_ecumenical_altar_gd, minmay_octomino_c4
D:2:      layout_loops_ring, serial_shops, nicolae_square_shop,
          grunt_ministairs_11
D:3:      minmay_skewed_foursquare, layout_rooms, fiery_altar_vehumet,
          mainiacjoe_overflow_brackets, serial_shops, shop,
          nicolae_figureground_sparkle
D:4:      layout_gridville, nicolae_qazlal_eye_of_the_storm,
          minmay_temple_entry_steel_oval, minmay_divided_ellipse,
          uniq_blork_the_orc, uniq_eustachio

Skill      XL: |  1  2  3  4  5 |
---------------+----------------+-----
Axes           | 4 5 |  5.5
Fighting       | 4 5 |  5.7
Short Blades   | 2 |  2.5
Long Blades    | 2 |  2.5
Maces & Flails | 2 |  2.9
Polearms       | 2 |  2.3
Staves         | 2 |  2.3
Slings         | 2 |  2.5
Bows           | 2 |  2.1
Crossbows      | 2 |  2.1
Throwing       | 1 |  1.9
Armour         | 3 4 |  4.2
Dodging        | 3 |  3.7
Stealth        | 2 |  2.3
Shields        | 2 |  2.3
Unarmed Combat | 2 |  2.1
Invocations    | 1 |  1.9
Evocations     | 1 |  1.9

Action                   |  1- 3 |  4- 6 || total
-------------------------+-------+-------++-------
Melee: Hand axe          |    26 |       ||    26
       Headbutt          |     4 |    11 ||    15
       Punch             |     1 |     2 ||     3
       Whip              |    20 |    13 ||    33
       Mace              |       |    51 ||    51
       Short sword       |       |    11 ||    11
  Use: Scroll            |     1 |     1 ||     2
       Potion            |     1 |     1 ||     2
 Stab: Sleeping          |       |     1 ||     1
Armor: Animal skin       |    14 |       ||    14
       Chain mail        |       |    43 ||    43
Dodge: Dodged            |    34 |    32 ||    66
